 Dungeon Crawl Stone Soup version 0.30.1-4-g462c640d31 (webtiles) character file.

Game seed: 8617851468218792245

384 wingedge the Digger (level 6, 0/48 HPs)
             Began as a Demigod Earth Elementalist on Aug 15, 2023.
             Slain by Prince Ribbit (14 damage)
             ... on level 5 of the Dungeon.
             The game lasted 00:08:49 (2589 turns).

wingedge the Digger (Demigod Earth Elementalist)    Turns: 2589, Time: 00:08:49

Health: 0/48       AC:  5    Str:  5    XL:     6   Next: 23%
Magic:  1/13       EV: 13    Int: 25    God:
Gold:   74         SH:  5    Dex: 20    Spells: 6/10 levels left

rFire   . . .        a - +2 dagger (venom)
rCold   . . .        (no shield)
rNeg    . . .        w - +0 robe "Qiur" {Str-4 Slay+5}
rPois   .            z - +0 helmet
rElec   .            v - +0 cloak {Stlth+}
rCorr   .            x - +0 pair of gloves
SInv    .            (no boots)
Will    .....        q - amulet of reflection
Stlth   ++++         d - +6 ring of dexterity
HPRegen 0.28/turn    (no ring)
MPRegen 0.13/turn

%: reflection
@: very slightly contaminated
A: high MP 1, forlorn, divine attributes
a: no special abilities


You were on level 5 of the Dungeon.
You visited 1 branch of the dungeon, and saw 5 of its levels.

You collected 199 gold pieces.
You spent 125 gold pieces at shops.

Inventory:

Hand Weapons
 a - a +2 dagger of venom (weapon)
 b - a +0 long sword
Armour
 e - a +0 ring mail
 i - a +0 robe
 v - a +0 cloak of stealth (worn)
 w - the +0 robe "Qiur" (worn) {Str-4 Slay+5}
   (You bought it in a shop on level 3 of the Dungeon)

   Str:       It affects your strength (-4).
   Slay:      It affects your accuracy & damage with ranged weapons and melee
   (+5).
 x - a +0 pair of gloves (worn)
 z - a +0 helmet (worn)
Jewellery
 d - a +6 ring of dexterity (left hand)
 q - an amulet of reflection (around neck)
Scrolls
 g - 2 scrolls of enchant weapon
 k - a scroll of blinking {unknown}
 l - 2 scrolls of fear
 m - 3 scrolls of teleportation
 p - a scroll of poison {unknown}
 r - 2 scrolls of fog
 y - a scroll of amnesia {unknown}
Potions
 c - 2 potions of curing
 f - a potion of cancellation {unknown}
 h - 4 potions of lignification
 j - a potion of magic
 n - a potion of berserk rage {unknown}
 o - a potion of heal wounds {unknown}
 s - a potion of ambrosia {unknown}
 t - a potion of attraction {unknown}
 u - 2 potions of flight {unknown}


   Skills:
 + Level 1.8 Fighting
 + Level 2.7 Dodging
 - Level 3.0 Stealth
 + Level 2.6 Spellcasting
 + Level 1.9 Conjurations
 - Level 0.8 Transmutations
 + Level 4.4 Earth Magic


You had 6 spell levels left.
You knew the following spells:

 Your Spells              Type           Power      Damage    Failure   Level
a - Sandblast             Erth           50%        2d12      1%          1
b - Stone Arrow           Conj/Erth      38%        3d9       9%          3

Your spell library contained the following spells:

 Spells                   Type           Power      Damage    Failure   Level
 Passwall                 Tmut/Erth      13%        N/A       5%          2
 Petrify                  Tmut/Erth      16%        N/A       34%         4


Dungeon Overview and Level Annotations

Branches:
Dungeon (6/15)
 Temple: D:4-7

Shops:
D:3 *

Annotations:
D:5 Prince Ribbit


Innate Abilities, Weirdness & Mutations

You have an increased reservoir of magic. (+10% MP)
You shall have no god before yourself.
Your divine heritage dramatically boosts your attributes as you level up.


Message History

Press: ? - help, Shift-Dir - straight line, f/p - Prince Ribbit
Aim: Prince Ribbit (45% to hit)
The stone arrow hits Prince Ribbit!
Prince Ribbit is moderately wounded.
You block Prince Ribbit's attack.
Casting: Stone Arrow (dangerous; 9% risk of failure)
Confirm with . or Enter, or press ? or * to list all spells.
You don't have enough magic to cast this spell.
Casting: Stone Arrow (dangerous; 9% risk of failure)
Confirm with . or Enter, or press ? or * to list all spells.
Aiming: Sandblast (safe; 1% risk of failure)
Press: ? - help, Shift-Dir - straight line, f/p - Prince Ribbit
Aim: Prince Ribbit (moderately wounded, 70% to hit)
The blast of sand hits Prince Ribbit!
Prince Ribbit is heavily wounded.
Prince Ribbit hits you but does no damage. x2
Casting: Sandblast (safe; 1% risk of failure)
Confirm with . or Enter, or press ? or * to list all spells.
Aiming: Sandblast (safe; 1% risk of failure)
Press: ? - help, Shift-Dir - straight line, f/p - Prince Ribbit
Aim: Prince Ribbit (heavily wounded, 70% to hit)
The blast of sand misses Prince Ribbit.
Prince Ribbit says, "You're just another fly to me."
Prince Ribbit blinks!
You block Prince Ribbit's attack. Prince Ribbit hits you!
You barely miss Prince Ribbit.
Prince Ribbit is heavily wounded.
You hear the slow hiss of a distant avalanche of sand.
Prince Ribbit hits you!
You completely miss Prince Ribbit.
Prince Ribbit is heavily wounded.
Prince Ribbit blinks!
Prince Ribbit blinks!
Okay, then.
You hit Prince Ribbit.
Prince Ribbit is severely wounded.
Prince Ribbit hits you!
* * * LOW HITPOINT WARNING * * *
Prince Ribbit hits you!
You die...

.......#.# #.#
...)####.# #.# .##.
#.# #.# ##.####.###.#
............# ##
##.####.###.# .## #.#
#... ..#
###.####.########..#
................@..##
#...####.###.....F..#
#............#####..#
...####.#..........#
#.#.########.# #.#.#
.# #####.#.# #
#...#.#.# #.....#.#


You could see Prince Ribbit.

Vanquished Creatures
  Sigmund (D:2)
  A phantom (D:5)
  Crazy Yiuf (D:2)
  Jessica (D:2)
  An orc wizard (D:3)
  An adder (D:2)
  4 dart slugs
  2 orcs (D:3)
  4 ball pythons
  3 bats
  4 endoplasms
  5 giant cockroaches
  5 goblins
  6 hobgoblins
  5 jackals
  3 quokkas (D:1)
  2 frilled lizards
  2 kobolds
  5 rats
56 creatures vanquished.

Notes
Turn   | Place    | Note
-------+----------+-------------------------------------------
     0 | D:1      | wingedge the Demigod Earth Elementalist began the quest for
                  | the Orb.
     0 | D:1      | Reached XP level 1. HP: 14/14 MP: 5/5
    66 | D:1      | Reached skill level 3 in Earth Magic
   289 | D:1      | Reached XP level 2. HP: 20/20 MP: 4/7
  1032 | D:1      | Reached XP level 3. HP: 26/26 MP: 4/8
  1084 | D:1      | Learned a level 3 spell: Stone Arrow
  1241 | D:2      | Noticed Jessica
  1244 | D:2      | Killed Jessica
  1293 | D:2      | Reached skill level 4 in Earth Magic
  1317 | D:2      | Reached XP level 4. HP: 34/34 MP: 6/9
  1342 | D:2      | Noticed Sigmund
  1355 | D:2      | Killed Sigmund
  1356 | D:2      | Reached skill level 1 in Fighting
  1356 | D:2      | Reached skill level 1 in Conjurations
  1356 | D:2      | Reached XP level 5. HP: 25/40 MP: 0/11
  1835 | D:2      | Found a runed translucent door.
  1836 | D:2      | Noticed Crazy Yiuf
  1841 | D:2      | Killed Crazy Yiuf
  2074 | D:3      | Found Onuvism's Assorted Antiques.
  2081 | D:3      | Bought a crude robe for 125 gold pieces
  2081 | D:3      | Identified the +0 robe "Qiur" {Str-4 Slay+5} (You bought it
                  | in a shop on level 3 of the Dungeon)
  2427 | D:3      | You fall into a shaft and drop 3 floors!
  2431 | D:5      | Entered Level 5 of the Dungeon
  2510 | D:5      | Reached XP level 6. HP: 48/48 MP: 2/13
  2573 | D:5      | Noticed Prince Ribbit
  2589 | D:5      | Slain by Prince Ribbit

Illustrated notes

Levels and vault maps discovered:
D:1:      dpeg_arrival_tiny_k, layout_rooms, roderic_lattice_a,
          minmay_hexomino_r4
D:2:      layout_loops_ring, ebering_ecumenical_altar_box,
          minmay_tiny_reverse_x, uniq_sigmund, uniq_crazy_yiuf_cottage,
          uniq_jessica
D:3:      layout_loops_ring, serial_shops, nicolae_shop_tiny_glass,
          minmay_misc_feat_rows
D:5:      layout_loops_ring, general_overflow_altar,
          nicolae_ru_the_path_less_chosen, minmay_temple_entry_junction_2,
          enter_ossuary_4, uniq_prince_ribbit1
D:6:      layout_basic, minmay_shop_damaged, fountainhead,
          minmay_misc_feat_nine_boxes, dreamdust_mushroom_princess,
          small_statue_intersection, nicolae_nh_ransacked_shop

Skill      XL: |  1  2  3  4  5 |
---------------+----------------+-----
Earth Magic    | 3 4 |  4.4
Spellcasting   | 2 |  2.6
Dodging        | 2 |  2.7
Stealth        | 2 3 |  3.0
Fighting       | 1 |  1.8
Conjurations   | 1 |  1.9
Transmutations | |  0.8

Action                     |  1- 3 |  4- 6 || total
---------------------------+-------+-------++-------
  Melee: Dagger            |     5 |    35 ||    40
  Throw: Throwing net      |       |     1 ||     1
   Cast: Sandblast         |    46 |     6 ||    52
         Stone Arrow       |     1 |    11 ||    12
    Use: Scroll            |       |     6 ||     6
   Stab: Sleeping          |     2 |     3 ||     5
 Armour: Robe              |     1 |    13 ||    14
  Dodge: Dodged            |     4 |    15 ||    19
  Block: Other             |       |     8 ||     8
